AoeStats
← 只会打步弓

Arabia

510596484Analyzed
1v1 RM · 22h ago on Oct 1, 2026· 40m 11s· 2 players
Game mode
Random Map
Map size
Tiny (2 player)
Population
200
Speed
Normal
Resources
Standard
Victory
Conquest
Starting age
Dark Age
Ending age
Imperial Age
RankedLock teamsTeams togetherTeam positionsShared explorationLock speedFull tech treeHidden civsTurbo modeCheats
Victory
Defeat
🇩🇪 Portuguese · Germany
1818
+21
🇨🇳 Varangians · China
1937
-21
只会打步弓
6:35 Loom
9:33 Feudal Age
11:16 Double-Bit Axe
12:57 Town Watch
13:49 Wheelbarrow
15:25 Scale Barding Armor
21:28 Castle Age
21:59 Horse Collar
22:54 Forging
23:56 Bow Saw
24:53 Town Watch
25:03 Gold Mining
28:39 Husbandry
28:50 Bloodlines
33:41 Chain Barding Armor
34:04 Forging
38:34 Vendel Legacy
39:59 Iron Casting
Jesse Pikeman
6:44 Loom
8:45 Feudal Age
9:53 Double-Bit Axe
19:32 Castle Age
18:06 Horse Collar
18:44 Fletching
19:38 Crossbowman
20:52 Bow Saw
21:01 Bodkin Arrow
23:15 Heavy Plow
26:04 Wheelbarrow
27:15 Town Watch
29:29 Hand Cart
33:27 Imperial Age
32:27 Thumb Ring
32:57 Ballistics
34:06 Padded Archer Armor
34:27 Bracer
35:28 Chemistry
34:39 Masonry
35:54 Pikeman
36:35 Scale Mail Armor
36:50 Leather Archer Armor
36:46 Forging
36:18 Arbalester
39:07 Chain Mail Armor
39:28 Iron Casting
39:43 Ring Archer Armor
39:21 Husbandry
39:32 Bloodlines
38:42 Light Cavalry
39:35 Scale Barding Armor
Connection lost

Rejoining the realm…

Still unreachable

The connection could not be restored.

Session expired

The server has moved on; the page needs a fresh start.